 Dungeon Crawl Stone Soup version 0.22.1-5-g62c59d9 (webtiles) character file.

359 nuthulu the Basher (level 6, -12/39 HPs)
             Began as a Gargoyle Fighter on Jan 7, 2019.
             Killed from afar by Ijyb (15 damage)
             ... with a wand of acid (6)
             ... on level 3 of the Dungeon.
             The game lasted 00:05:44 (2374 turns).

nuthulu the Basher (Gargoyle Fighter)               Turns: 2374, Time: 00:05:45

Health: -12/39     AC:  7    Str: 22    XL:     6   Next: 65%
Magic:  6/6        EV:  7    Int:  8    God:
Gold:   175        SH: 10    Dex:  9    Spells: 5/5 levels left

rFire    . . .     SeeInvis .   a - +1 flail
rCold    . . .     Gourm    .   c - +1 shield
rNeg     + . .     Faith    .   b - +0 scale mail
rPois    ∞         Spirit   .   (no helmet)
rElec    +         Reflect  .   (no cloak)
rCorr    .         Harm     .   (no gloves)
MR       .....                  (no boots)
Stlth    ..........             (no amulet)
HPRegen  0.13/turn              (no ring)
MPRegen  0.10/turn              (no ring)

@: corroded
A: negative energy resistance 1, electricity resistance, unbreathing,
petrification resistance, rot immunity, AC +4
a: no special abilities


You were on level 3 of the Dungeon.
You were not hungry.

You visited 1 branch of the dungeon, and saw 3 of its levels.

You collected 175 gold pieces.

Inventory:

Hand Weapons
 a - a +1 flail (weapon)
Armour
 b - a +0 scale mail (worn)
 c - a +1 shield (worn)
Scrolls
 g - a scroll of remove curse
Potions
 e - a potion of flight
Comestibles
 d - 3 chunks of flesh
 f - 4 rations


   Skills:
 - Level 4.4 Fighting
 - Level 11.2 Maces & Flails
 - Level 3.2 Armour
 * Level 3.3 Shields


You had 5 spell levels left.
You didn't know any spells.
Your spell library was empty.

Dungeon Overview and Level Annotations

Branches:
Dungeon (3/15)

Altars:
Cheibriados
Fedhas
Kikubaaqudgha
Sif Muna
Wu Jian
Xom
Zin
The Shining One

Annotations:
D:3 2 transporters, Ijyb; colophon's ghost, amateur KoEn


Innate Abilities, Weirdness & Mutations

You are resistant to torment.
Your stone body is resilient. (AC +4)
You are immune to poison.
You resist negative energy. (rN+)
You are resistant to electric shocks. (rElec)
You can survive without breathing.
You are immune to petrification.
You are immune to rotting.


Message History

There are no items here.
Found a robe.
You now have 175 gold pieces (gained 12).
The adder hisses angrily.
Found a stone staircase leading up.
An adder is nearby!
You barely miss the adder. The adder bites you but does no damage.
You sock the adder!
You kill the adder!
Found a stone staircase leading up.
Ijyb the Twisted Goblin comes into view.
She is wielding a dagger.
Ijyb shouts!
Ijyb is nearby!
Ijyb zaps a wand.
The bolt of acid hits you!
Ouch! That really hurt!
The acid corrodes you!
You are splashed with acid!
The acid burns!
* * * LOW HITPOINT WARNING * * *
It is a wand of acid (6).
Ijyb zaps a wand.
The bolt of acid hits you!
You die...

#..#####.#######.....#
#.....................
##....)......#####....
##.............# ####.
#............... ##
######............... ######
#...........................
#.............g......#######
#......<...@.........
######..............# ####
#.#.....#.....## ##...
#.###########.#####.... #.#
##.......#..... #.##
#..............
#..######..#####.......
##......#..#...#.......
#..[....._#l..#_......


You could see Ijyb.

Vanquished Creatures
  Sigmund (D:3)
  Natasha (D:2)
  4 gnolls (D:2)
  4 adders
  An ooze (D:3)
  A worm (D:2)
  6 dart slugs
  A ball python (D:1)
  4 giant cockroaches
  8 goblins
  5 hobgoblins
  A quokka (D:2)
  3 bats (D:1)
  3 frilled lizards
  4 kobolds
  7 rats
54 creatures vanquished.

Notes
Turn   | Place    | Note
-------+----------+-------------------------------------------
     0 | D:1      | nuthulu the Gargoyle Fighter began the quest for the Orb.
     0 | D:1      | Reached XP level 1. HP: 14/14 MP: 1/1
   314 | D:1      | Reached XP level 2. HP: 17/19 MP: 2/2
   556 | D:1      | Reached skill level 3 in Maces & Flails
   569 | D:1      | Reached XP level 3. HP: 20/24 MP: 3/3
   845 | D:2      | Reached skill level 10 in Maces & Flails
   845 | D:2      | Reached XP level 4. HP: 26/29 MP: 4/4
  1342 | D:2      | Found a snail-covered altar of Cheibriados.
  1353 | D:2      | Found a deep blue altar of Sif Muna.
  1353 | D:2      | Found an ancient bone altar of Kikubaaqudgha.
  1354 | D:2      | Found an ornate altar of the Wu Jian Council.
  1357 | D:2      | Found a blossoming altar of Fedhas.
  1359 | D:2      | Found a glowing golden altar of the Shining One.
  1487 | D:2      | Reached XP level 5. HP: 30/33 MP: 5/5
  1499 | D:2      | Reached skill level 11 in Maces & Flails
  1645 | D:3      | Found a transporter.
  1710 | D:3      | Noticed colophon's ghost (amateur KoEn)
  1718 | D:3      | Found a transporter.
  1721 | D:3      | Noticed Sigmund
  1721 | D:3      | Noticed Natasha
  1849 | D:2      | Killed Natasha
  1934 | D:3      | Killed Sigmund
  1934 | D:3      | Reached XP level 6. HP: 9/39 MP: 6/6
  2320 | D:3      | Found a glowing silver altar of Zin.
  2322 | D:3      | Noticed an angel
  2326 | D:3      | Found a shimmering altar of Xom.
  2369 | D:3      | Noticed Ijyb
  2374 | D:3      | Killed from afar by Ijyb

Skill      XL: |  1  2  3  4  5 |
---------------+----------------+-----
Maces & Flails | 3 10 11 | 11.2
Fighting       | 4 |  4.4
Armour         | |  3.2
Shields        | |  3.3

Action                   |  1- 3 |  4- 6 || total
-------------------------+-------+-------++-------
Melee: Flail             |    74 |    89 ||   163
  Use: Scroll            |     4 |     3 ||     7
       Potion            |     1 |     1 ||     2
  Eat: Chunk             |       |     5 ||     5
Armor: Scale mail        |    38 |    30 ||    68
Dodge: Dodged            |    20 |    20 ||    40
Block: Shield            |    38 |    31 ||    69
